 Dungeon Crawl Stone Soup version 0.22-a0-253-gf9d0ce5 (webtiles) character file.

54 pkoi the Slasher (level 3, 0/31 HPs)
             Began as a Minotaur Fighter on Mar 3, 2018.
             Killed from afar by Sigmund (1 damage)
             ... with a puff of flame
             ... on level 2 of the Dungeon.
             The game lasted 00:01:28 (1137 turns).

pkoi the Slasher (Minotaur Fighter)                 Turns: 1137, Time: 00:01:28

Health: 0/31       AC:  8    Str: 21    XL:     3   Next: 66%
Magic:  2/2        EV:  7    Int:  5    God:
Gold:   145        SH:  9    Dex:  9    Spells: 2/2 levels left

rFire    . . .     SeeInvis .   a - +0 long sword
rCold    . . .     Gourm    .   c - +0 shield
rNeg     . . .     Faith    .   b - +0 scale mail
rPois    .         Spirit   .   (helmet restricted)
rElec    .         Reflect  .   (no cloak)
rCorr    +         Harm     .   (no gloves)
MR       .....                  j - +0 pair of boots
Stlth    ..........             (no amulet)
HPRegen  0.10/turn              l - ring of resist corrosion
MPRegen  0.08/turn              (no ring)

@: no status effects
A: retaliatory headbutt, horns 2
a: no special abilities


You were on level 2 of the Dungeon.
You were not hungry.

You visited 1 branch of the dungeon, and saw 2 of its levels.

You collected 145 gold pieces.

Inventory:

Hand Weapons
 a - a +0 long sword (weapon)
Armour
 b - a +0 scale mail (worn)
 c - a +0 shield (worn)
 j - a +0 pair of boots (worn)
Jewellery
 l - a ring of resist corrosion (left hand)
Scrolls
 e - a scroll of identify {unknown}
 i - 2 scrolls of teleportation {unknown}
 k - a scroll of enchant weapon {unknown}
 n - a scroll of magic mapping {unknown}
 o - a scroll of remove curse {unknown}
 p - a scroll of immolation {unknown}
Potions
 d - a potion of might
 m - a potion of curing {unknown}
 q - a potion of brilliance {unknown}
Comestibles
 f - a ration


   Skills:
 - Level 3.6 Fighting
 + Level 5.0 Long Blades
 - Level 3.6 Armour
 - Level 3.6 Shields


You had 2 spell levels left.
You didn't know any spells.

Dungeon Overview and Level Annotations

Branches:
Dungeon (2/15)

Altars:
Trog

Annotations:
D:2 Sigmund


Innate Abilities, Weirdness & Mutations

You reflexively headbutt those who attack you in melee.
You have a pair of horns on your head.


Message History

* * * LOW HITPOINT WARNING * * *
You completely miss something. You block something's attack.
All of the chunks of flesh in your inventory have rotted away.
Your shield and scale mail prevent you from hitting something.
Your headbutt misses something. Something hits you!
* * * LOW HITPOINT WARNING * * *
You miss something.
You hear some strange, mumbled words.
A magic dart appears from out of thin air!
The magic dart hits you!
* * * LOW HITPOINT WARNING * * *
You completely miss something. Your headbutt misses something.
Something hits you.
* * * LOW HITPOINT WARNING * * *
You hit something. Something hits you but does no damage.
It was a potion of magic.
Magic courses through your body.
You hear some strange, mumbled words.
A puff of flame appears from out of thin air!
The puff of flame hits you!
You die...

.....#...#...#......
....)....#..########
............# #
######.###.# #
#########.....# #
#.......>####.# ##
###.######.# #.# #.
#.._..####.####.# #.
#..@{.......# #.
.......#####.############(
##...#. #.# #.......##.
### #. ..# #.#####.##. ##
### #.#####.##.
#.##....... #.##.##.##.
#.##.##.##. #.......#).


There were no monsters in sight!

Vanquished Creatures
  An adder (D:2)
  An ooze (D:1)
  An adder zombie (D:2)
  A dart slug (D:1)
  2 leopard geckos (D:2)
  4 giant cockroaches
  3 goblins
  3 hobgoblins
  3 kobolds
  A quokka (D:2)
  5 bats (D:1)
  A frilled lizard (D:1)
  7 rats
33 creatures vanquished.

Notes
Turn   | Place    | Note
-------+----------+-------------------------------------------
     0 | D:1      | pkoi the Minotaur Fighter began the quest for the Orb.
     0 | D:1      | Reached XP level 1. HP: 19/19 MP: 0/0
    94 | D:1      | Reached skill level 3 in Long Blades
   110 | D:1      | Reached XP level 2. HP: 26/26 MP: 1/1
   315 | D:1      | Reached skill level 4 in Long Blades
   635 | D:1      | Reached XP level 3. HP: 30/31 MP: 2/2
  1113 | D:2      | Reached skill level 5 in Long Blades
  1116 | D:2      | Noticed Sigmund
  1120 | D:2      | Found a bloodstained altar of Trog.
  1135 | D:2      | HP: 1/31 [something (2)]
  1137 | D:2      | Killed from afar by Sigmund

Vault maps used:
D:1:      dpeg_arrival_tiny_d
D:2:      lemuel_crystal_altar, uniq_sigmund

Skill      XL: |  1  2  3 |
---------------+----------+-----
Long Blades    | 3 4 5 |  5.0
Fighting       | |  3.6
Armour         | |  3.6
Shields        | |  3.6

Action                   || total
-------------------------++-------
Melee: Long sword        ||    81
       Headbutt          ||    14
  Use: Potion            ||     1
  Eat: Chunk             ||     1
Armor: Scale mail        ||    36
Dodge: Dodged            ||    30
Block: Shield            ||    36
       Rpst.: Long sword ||     6

Table legend:
 A = Spawn XP
 B = Non-spawn XP
 C = Spawn XP percentage of total XP
 D = Spawn monster count
 E = Non-spawn monster count
 F = Spawn count percentage of total count
 G = Total turns spent on level
                    A         B        C        D         E        F      G
               +---------+---------+-------+---------+---------+-------+---------
         Total |       0 |      78 |   0.0 |       0 |      33 |   0.0 |  1137
               +---------+---------+-------+---------+---------+-------+---------
           D:1 |       0 |      41 |   0.0 |       0 |      22 |   0.0 |   709
           D:2 |       0 |      37 |   0.0 |       0 |      11 |   0.0 |   428
               +---------+---------+-------+---------+---------+-------+---------
